BR (22 & UNDER)
MONROE MALLARDS @ OCEANSIDE SWAMP FOXES
08/12/2029
 
TOP OF THE 1ST
Monroe Mallards batting - Pitching for Oceanside Swamp Foxes : LHP David Jennings
Pitching: LHP David Jennings
Batting: RHB Benito Bo 0-0: Ball
1-0: Called Strike
1-1: Bunt missed!
1-2: Strikes out swinging
Batting: RHB Dave Sawyer 0-0: Ball
1-0: SINGLE (Groundball, 6MD)
Batting: LHB Allen Boyd 0-0: Called Strike
Dave Sawyer is caught stealing 2nd base
0-1: Ball
1-1: Foul Ball, location: 2F
1-2: Ball
2-2: Ball
3-2: Foul Ball, location: 2F
3-2: Base on Balls
Batting: RHB Roberto Sánchez 0-0: Called Strike
0-1: Called Strike
0-2: Ball
1-2: Foul Ball, location: 2F
1-2: Fly out, F9 (Flyball, 9LMF)
Top of the 1st over - 0 runs, 1 hit, 0 errors, 1 left on base; Monroe 0 - Oceanside 0
BOTTOM OF THE 1ST
Oceanside Swamp Foxes batting - Pitching for Monroe Mallards : RHP Mike Morgan
Pitching: RHP Mike Morgan
Batting: SHB Teko de Bruin 0-0: Swinging Strike
0-1: Ball
1-1: Ball
2-1: Ground out 4-3 (Groundball, 4D)
Batting: RHB Ricardo López 0-0: Ground out 5-3 (Groundball, 56S)
Batting: SHB León Galló 0-0: Ball
1-0: Fly out, F6 (Popup, 6MD)
Bottom of the 1st over - 0 runs, 0 hits, 0 errors, 0 left on base; Monroe 0 - Oceanside 0
TOP OF THE 2ND
Monroe Mallards batting - Pitching for Oceanside Swamp Foxes : LHP David Jennings
Batting: RHB Jorge Vázquez 0-0: Called Strike
0-1: Called Strike
0-2: Ball
1-2: Strikes out looking
Batting: RHB Simon Plante 0-0: Foul Ball, location: 2F
0-1: Ball
1-1: Called Strike
1-2: Foul Ball, location: 2F
1-2: Ball
2-2: Foul Ball, location: 2F
2-2: SINGLE (Groundball, 6MD)
Batting: RHB Héctor Vega 0-0: Ball
Simon Plante steals 2nd base
1-0: Foul Ball, location: 2F
1-1: Foul Ball, location: 2F
1-2: SINGLE (Groundball, 34S) (infield hit)
Simon Plante to third
Batting: LHB Ramón Ortega 0-0: Fielders Choice at 2nd, 1-6 (Groundball, 13)
Batting: LHB Lino Baena 0-0: Ball
1-0: Fly out, F5 (Line Drive, 6S)
Top of the 2nd over - 0 runs, 2 hits, 0 errors, 2 left on base; Monroe 0 - Oceanside 0
BOTTOM OF THE 2ND
Oceanside Swamp Foxes batting - Pitching for Monroe Mallards : RHP Mike Morgan
Batting: RHB Howard Reed 0-0: Ground out 4-3 (Groundball, 4)
Batting: RHB Bert Larson 0-0: Ball
1-0: Ball
2-0: Ball
3-0: Foul Ball, location: 2F
3-1: Called Strike
3-2: Strikes out looking
Batting: RHB Pat Greene 0-0: Foul Ball, location: 2F
0-1: Swinging Strike
0-2: Foul Ball, location: 2F
0-2: Strikes out looking
Bottom of the 2nd over - 0 runs, 0 hits, 0 errors, 0 left on base; Monroe 0 - Oceanside 0
TOP OF THE 3RD
Monroe Mallards batting - Pitching for Oceanside Swamp Foxes : LHP David Jennings
Batting: RHB Benito Bo 0-0: Ball
1-0: Foul Ball, location: 2F
1-1: DOUBLE (Line Drive, 8LXD)
Batting: RHB Dave Sawyer 0-0: Ball
1-0: Ball
2-0: Called Strike
2-1: Ball
3-1: Ground out 6-3 (Groundball, 6)
Benito Bo to third
Batting: LHB Allen Boyd 0-0: Called Strike
0-1: Swinging Strike
0-2: Ball
1-2: Strikes out swinging
Batting: RHB Roberto Sánchez 0-0: Foul Ball, location: 2F
0-1: Ball
1-1: Called Strike
1-2: Foul Ball, location: 2F
1-2: Foul Ball, location: 2F
1-2: Ball
2-2: Ground out 4-3 (Groundball, 4)
Top of the 3rd over - 0 runs, 1 hit, 0 errors, 1 left on base; Monroe 0 - Oceanside 0
BOTTOM OF THE 3RD
Oceanside Swamp Foxes batting - Pitching for Monroe Mallards : RHP Mike Morgan
Batting: RHB Owen Parra 0-0: Fly out, F8 (Flyball, 8RD)
Batting: RHB Iván Morán 0-0: SINGLE (Groundball, 56D)
Batting: LHB Bob Huerta 0-0: Called Strike
0-1: Ground out 4-3 (Groundball, 4MS)
Iván Morán to second
Batting: SHB Teko de Bruin 0-0: Ball
1-0: Foul Ball, location: 2F
1-1: Fly out, F8 (Line Drive, 89M)
Bottom of the 3rd over - 0 runs, 1 hit, 0 errors, 1 left on base; Monroe 0 - Oceanside 0
TOP OF THE 4TH
Monroe Mallards batting - Pitching for Oceanside Swamp Foxes : LHP David Jennings
Batting: RHB Jorge Vázquez 0-0: Called Strike
0-1: Ball
1-1: Foul Ball, location: 2F
1-2: Strikes out swinging
Batting: RHB Simon Plante 0-0: Ball
1-0: Called Strike
1-1: Ball
2-1: SINGLE (Groundball, 34S) (infield hit)
Batting: RHB Héctor Vega 0-0: Foul Ball, location: 2F
0-1: Ball
1-1: Called Strike
1-2: Foul Ball, location: 2F
1-2: Strikes out swinging
Batting: LHB Ramón Ortega 0-0: Ball
1-0: Ball
Wild Pitch!
Simon Plante to second
2-0: Swinging Strike
2-1: Ball
3-1: Swinging Strike
3-2: Foul Ball, location: 2F
3-2: Strikes out swinging
Top of the 4th over - 0 runs, 1 hit, 0 errors, 1 left on base; Monroe 0 - Oceanside 0
BOTTOM OF THE 4TH
Oceanside Swamp Foxes batting - Pitching for Monroe Mallards : RHP Mike Morgan
Batting: RHB Ricardo López 0-0: Called Strike
0-1: Hit by Pitch
Batting: SHB León Galló 0-0: Called Strike
0-1: Ball
1-1: Called Strike
1-2: Strikes out swinging
Batting: RHB Howard Reed 0-0: Called Strike
0-1: Called Strike
0-2: Ball
1-2: Foul Ball, location: 2F
1-2: Grounds into double play, 4-6-3 (Groundball, 4)
Bottom of the 4th over - 0 runs, 0 hits, 0 errors, 0 left on base; Monroe 0 - Oceanside 0
TOP OF THE 5TH
Monroe Mallards batting - Pitching for Oceanside Swamp Foxes : LHP David Jennings
Batting: LHB Lino Baena 0-0: Ball
1-0: Ball
2-0: Called Strike
2-1: SINGLE (Line Drive, 6D)
Batting: RHB Benito Bo 0-0: Ball
1-0: Ground out 5-3 (Groundball, 56S)
Lino Baena to second
Batting: RHB Dave Sawyer 0-0: Fly out, F7 (Flyball, 7S)
Batting: LHB Allen Boyd 0-0: Ball
1-0: Ball
2-0: Ball
3-0: Base on Balls
Batting: RHB Roberto Sánchez 0-0: Ball
1-0: Fielders Choice at 2nd, 6-4 (Groundball, 6)
Top of the 5th over - 0 runs, 1 hit, 0 errors, 2 left on base; Monroe 0 - Oceanside 0
BOTTOM OF THE 5TH
Oceanside Swamp Foxes batting - Pitching for Monroe Mallards : RHP Mike Morgan
Batting: RHB Bert Larson 0-0: Ball
1-0: Called Strike
1-1: SINGLE (Groundball, 56D)
Batting: RHB Pat Greene 0-0: Foul Ball, location: 2F
0-1: Called Strike
0-2: Ball
1-2: Ball
2-2: Foul Ball, location: 2F
2-2: Ball
3-2: Fly out, F2 (Popup, 2LF)
Batting: RHB Owen Parra 0-0: Ball
1-0: Called Strike
1-1: Ball
2-1: SINGLE (Groundball, 6D)
Bert Larson to second
Batting: RHB Iván Morán 0-0: Called Strike
0-1: 3-RUN HOME RUN (Flyball, 9D), Distance : 381 ft
Batting: LHB Bob Huerta 0-0: Called Strike
0-1: Ball
1-1: Ball
2-1: Foul Ball, location: 2F
2-2: Ball
3-2: Base on Balls
Batting: SHB Teko de Bruin 0-0: Fielders Choice at 2nd, 1-6 (Groundball, 13)
Batting: RHB Ricardo López 0-0: Ball
1-0: Ball
2-0: Swinging Strike
2-1: Swinging Strike
2-2: Strikes out swinging
Bottom of the 5th over - 3 runs, 3 hits, 0 errors, 1 left on base; Monroe 0 - Oceanside 3
TOP OF THE 6TH
Monroe Mallards batting - Pitching for Oceanside Swamp Foxes : LHP David Jennings
Batting: RHB Jorge Vázquez 0-0: Hit by Pitch
Batting: RHB Simon Plante 0-0: Called Strike
0-1: Foul Ball, location: 2F
0-2: Ball
1-2: Foul Ball, location: 2F
1-2: Strikes out swinging
Batting: RHB Héctor Vega 0-0: Ball
1-0: Called Strike
Jorge Vázquez is caught stealing 2nd base
1-1: Ball
2-1: Called Strike
2-2: Foul Ball, location: 2F
2-2: DOUBLE (Line Drive, 78D)
Batting: LHB Ramón Ortega 0-0: Foul Ball, location: 2F
0-1: Foul Ball, location: 2F
0-2: Foul Ball, location: 2F
0-2: Ball
1-2: Ball
2-2: Strikes out swinging
Top of the 6th over - 0 runs, 1 hit, 0 errors, 1 left on base; Monroe 0 - Oceanside 3
BOTTOM OF THE 6TH
Oceanside Swamp Foxes batting - Pitching for Monroe Mallards : RHP Mike Morgan
Batting: SHB León Galló 0-0: Called Strike
0-1: SINGLE (Line Drive, 78M)
Batting: RHB Howard Reed 0-0: Ball
1-0: Ball
2-0: Ball
3-0: Base on Balls
León Galló to second
Batting: RHB Bert Larson 0-0: Ball
1-0: Ball
2-0: Ball
3-0: Base on Balls
León Galló to third
Howard Reed to second
Batting: RHB Pat Greene 0-0: SINGLE (Groundball, 56) (infield hit)
León Galló scores
Howard Reed to third
Bert Larson to second
Pitching: RHP Craig Mills
Batting: RHB Owen Parra 0-0: Foul Ball, location: 2F
0-1: Ball
1-1: Ball
2-1: Grounds into fielders choice 5-2 (Groundball, 56S)
Bert Larson to third
Pat Greene to second
Batting: RHB Iván Morán 0-0: Ball
1-0: Called Strike
1-1: Fly out, F9 (Flyball, 9)
Batting: LHB Bob Huerta 0-0: Ball
1-0: SINGLE (Line Drive, 8LS)
Bert Larson scores
Pat Greene to third
Owen Parra to second
Runner from 3rd tries for Home, SAFE, no throw
Batting: SHB Teko de Bruin 0-0: Called Strike
0-1: Called Strike
0-2: Ball
1-2: Strikes out looking
Bottom of the 6th over - 3 runs, 3 hits, 0 errors, 2 left on base; Monroe 0 - Oceanside 6
TOP OF THE 7TH
Monroe Mallards batting - Pitching for Oceanside Swamp Foxes : LHP David Jennings
Batting: LHB Lino Baena 0-0: Ball
1-0: Ball
2-0: Ground out 6-3 (Groundball, 6D)
Batting: RHB Benito Bo 0-0: Ball
1-0: Called Strike
1-1: Ball
2-1: Foul Ball, location: 2F
2-2: Foul Ball, location: 2F
2-2: Ground out 3-1 (Groundball, 34S)
Batting: RHB Dave Sawyer 0-0: Called Strike
0-1: Called Strike
0-2: Ball
1-2: Ball
2-2: Fly out, F7 (Flyball, 7S)
Top of the 7th over - 0 runs, 0 hits, 0 errors, 0 left on base; Monroe 0 - Oceanside 6
BOTTOM OF THE 7TH
Oceanside Swamp Foxes batting - Pitching for Monroe Mallards : RHP Craig Mills
Batting: RHB Ricardo López 0-0: Foul Ball, location: 2F
0-1: Foul Ball, location: 2F
0-2: Ball
1-2: Ball
2-2: SINGLE (Groundball, 5L) (infield hit)
Batting: SHB León Galló 0-0: Called Strike
0-1: Swinging Strike
0-2: Foul Ball, location: 2F
0-2: Strikes out looking
Batting: RHB Howard Reed 0-0: Foul Ball, location: 2F
0-1: Ball
1-1: Ball
2-1: Foul Ball, location: 2F
2-2: Strikes out swinging
Batting: RHB Bert Larson 0-0: SINGLE (Groundball, 56D)
Ricardo López to second
Batting: RHB Pat Greene 0-0: Called Strike
0-1: Ball
1-1: Swinging Strike
1-2: Ball
2-2: Foul Ball, location: 2F
2-2: Foul Ball, location: 2F
2-2: Fielders Choice at 2nd, 6-4 (Groundball, 6)
Bottom of the 7th over - 0 runs, 2 hits, 0 errors, 2 left on base; Monroe 0 - Oceanside 6
TOP OF THE 8TH
Monroe Mallards batting - Pitching for Oceanside Swamp Foxes : LHP David Jennings
Pitching: RHP Daniel Gordon
Now at 1B: Luis Vigueras
Now in RF: Ernesto Rivera
Batting: LHB Allen Boyd 0-0: Foul Ball, location: 2F
0-1: Foul Ball, location: 2F
0-2: Ball
1-2: Ball
2-2: Fly out, F4 (Popup, 34S)
Batting: RHB Roberto Sánchez 0-0: Ground out 4-3 (Groundball, 4S)
Batting: RHB Jorge Vázquez 0-0: Ball
1-0: Called Strike
1-1: Ball
2-1: Foul Ball, location: 2F
2-2: Ball
3-2: Strikes out swinging
Top of the 8th over - 0 runs, 0 hits, 0 errors, 0 left on base; Monroe 0 - Oceanside 6
BOTTOM OF THE 8TH
Oceanside Swamp Foxes batting - Pitching for Monroe Mallards : RHP Craig Mills
Batting: RHB Owen Parra 0-0: Called Strike
0-1: Ball
1-1: Swinging Strike
1-2: Strikes out swinging
Batting: RHB Iván Morán 0-0: Ball
1-0: Ground out 6-3 (Groundball, 6)
Batting: LHB Bob Huerta 0-0: Ball
1-0: Ball
2-0: Swinging Strike
2-1: Swinging Strike
2-2: Ball
3-2: Base on Balls
Batting: SHB Teko de Bruin 0-0: Ball
1-0: Called Strike
Bob Huerta steals 2nd base
1-1: Ball
2-1: Ball
3-1: Base on Balls
Batting: RHB Ricardo López 0-0: Ball
1-0: Foul Ball, location: 2F
1-1: Foul Ball, location: 2F
1-2: Strikes out swinging
Bottom of the 8th over - 0 runs, 0 hits, 0 errors, 2 left on base; Monroe 0 - Oceanside 6
TOP OF THE 9TH
Monroe Mallards batting - Pitching for Oceanside Swamp Foxes : RHP Daniel Gordon
Batting: RHB Simon Plante 0-0: Swinging Strike
0-1: SINGLE (Line Drive, 4D)
Batting: RHB Héctor Vega 0-0: Swinging Strike
0-1: Fly out, F1 (Line Drive, 13S)
Lined into DP, 1-3 (Line Drive, 13S)
Batting: LHB Ramón Ortega 0-0: Fly out, F9 (Line Drive, 9LD)
Top of the 9th over - 0 runs, 1 hit, 0 errors, 0 left on base; Monroe 0 - Oceanside 6
Saturday, December 16th, 2017 - OOTP Baseball 18.8 Build 76